 Dungeon Crawl Stone Soup version 0.25-a0-719-gde951dce62 (webtiles) character file.

Game seed: 9849409065380788528, levelgen mode: deterministic

28953 magipi the Cleaver (level 13, -21/121 HPs)
             Began as a Deep Dwarf Gladiator on Apr 6, 2020.
             Was a High Priest of Makhleb.
             Demolished by an orc warlord
             ... wielding a +0 vorpal war axe
              (46 damage)
             ... on level 2 of the Orcish Mines.
             The game lasted 00:57:25 (8667 turns).

magipi the Cleaver (Deep Dwarf Gladiator)           Turns: 8667, Time: 00:57:26

Health: -21/121    AC: 13    Str: 22    XL:     13   Next: 12%
Magic:  4/4        EV: 13    Int: 10    God:    Makhleb [*****.]
Gold:   1189       SH:  0    Dex: 14    Spells: 12/12 levels left

rFire    . . .     SeeInvis .   a - +1 broad axe
rCold    + . .     Gourm    .   (no shield)
rNeg     . . .     Faith    .   L - +0 chain mail {MR+}
rPois    +         Spirit   .   j - +1 helmet
rElec    .         Reflect  .   (no cloak)
rCorr    .         Harm     .   (no gloves)
MR       ++...                  (no boots)
Stlth    ..........             (no amulet)
HPRegen  0.00/turn              p - ring of poison resistance
MPRegen  0.09/turn              c - ring of protection from cold

@: very slightly contaminated, non-regenerating, invisible
A: damage resistance, heal wounds, sense surroundings 2, no regeneration
a: Heal Wounds, Minor Destruction, Lesser Servant of Makhleb, Major Destruction,
Greater Servant of Makhleb, Renounce Religion


You were on level 2 of the Orcish Mines.
You worshipped Makhleb.
Makhleb was extremely pleased with you.
You were not hungry.

You visited 3 branches of the dungeon, and saw 17 of its levels.

You collected 1441 gold pieces.
You spent 252 gold pieces at shops.

Inventory:

Hand Weapons
 a - a +1 broad axe (weapon)
   (You took it off an orc warrior on level 1 of the Orcish Mines)
 E - a +1 vorpal dire flail
   (You took it off an orc warrior on level 9 of the Dungeon)
 G - a +1 war axe
Missiles
 d - 7 throwing nets
 v - 43 poisoned darts
 K - 14 javelins (quivered)
Armour
 f - a +0 scale mail
   (You found it on level 4 of the Dungeon)
 j - a +1 helmet (worn)
 y - a +1 plate armour
   (You found it on level 5 of the Dungeon)
 z - +0 ice dragon scales
   (You found it on level 5 of the Dungeon)
 A - a +1 ring mail of cold resistance
   (You found it on level 6 of the Dungeon)
 L - a +0 chain mail of magic resistance (worn)
   (You took it off an orc warrior on level 10 of the Dungeon)
Jewellery
 c - a ring of protection from cold (right hand)
   (You found it on level 1 of the Dungeon)
 m - an uncursed ring of protection from magic
   (You found it on level 7 of the Dungeon)
 p - a ring of poison resistance (left hand)
   (You found it on level 14 of the Dungeon)
Wands
 s - a wand of flame (22)
   (You found it on level 3 of the Dungeon)
 w - a wand of enslavement (7)
   (You found it on level 12 of the Dungeon)
 F - a wand of iceblast (12)
   (You found it on level 10 of the Dungeon)
Scrolls
 g - a scroll of teleportation
 i - 5 scrolls of remove curse
 l - 2 scrolls of fog
 n - a scroll of enchant armour
 t - 3 scrolls of fear
 u - a scroll of magic mapping
 B - 2 scrolls of blinking
 N - a scroll of enchant weapon
Potions
 b - 3 potions of cancellation
 e - 4 potions of flight
 h - a potion of mutation
 k - 7 potions of curing
 o - a potion of heal wounds
 q - a potion of invisibility
 C - 2 potions of haste
 D - 2 potions of brilliance
 H - a potion of resistance
 J - a potion of lignification
 M - 4 potions of berserk rage
Comestibles
 r - 4 chunks of flesh
 x - 29 rations


   Skills:
 + Level 9.5 Fighting
 * Level 13.6 Axes
 + Level 7.4 Throwing
 + Level 8.3 Armour
 + Level 9.0 Dodging
 + Level 12.4 Evocations


You had 12 spell levels left.
You didn't know any spells.
Your spell library contained the following spells:

 Spells                   Type           Power        Failure   Level  Hunger
 Animate Skeleton         Necr           N/A          94%         1    ##.....
 Apportation              Tloc           #.....       94%         1    ##.....
 Beastly Appendage        Tmut           #.....       94%         1    ##.....
 Corona                   Hex            #......      94%         1    ##.....
 Freeze                   Ice            #...         94%         1    ##.....
 Summon Small Mammal      Summ           #...         94%         1    ##.....
 Sticks to Snakes         Tmut           #.......     98%         2    ###....
 Frozen Ramparts          Ice            #.....       100%        3    ####...
 Ozocubu's Armour         Chrm/Ice       #.......     100%        3    ####...
 Recall                   Summ/Tloc      N/A          100%        3    ####...
 Spider Form              Tmut/Pois      #.........   100%        3    ####...
 Hailstorm                Conj/Ice       #.......     100%        4    #####..
 Ice Form                 Ice/Tmut       #.......     100%        4    #####..
 Summon Ice Beast         Ice/Summ       #.......     100%        4    #####..
 Aura of Abjuration       Summ           #.........   100%        5    ######.
 Blade Hands              Tmut           #.........   100%        5    ######.
 Summon Demon             Summ           #.........   100%        5    ######.
 Summon Forest            Summ/Tloc      #.........   100%        5    ######.
 Summon Mana Viper        Hex/Summ       #.......     100%        5    ######.
 Shadow Creatures         Summ           N/A          100%        6    #######


Dungeon Overview and Level Annotations

Branches:
Dungeon (14/15)            Temple (1/1) D:6            Lair (0/6) D:10
    Orc (2/2) D:9
    Elf: Orc:2       Vaults: D:13-14

Altars:
Dithmenos
Elyvilon
Fedhas
Gozag
Kikubaaqudgha
Makhleb
Ru
Sif Muna
Wu Jian
Yredelemnul
Zin
The Shining One
Beogh

Shops:
D:10 !   Orc:2 :!

Annotations:
D:1 fly


Innate Abilities, Weirdness & Mutations

You are resistant to damage.
You can heal yourself by infusing magical energy.
You passively map the area around you.
You do not regenerate.


Message History

Unknown command.
You completely miss the orc knight.
The orc knight is almost dead.
The orc knight closely misses you.
You barely miss the orc knight.
The orc knight is almost dead.
The orc warrior no longer looks unusually strong.
The orc knight barely misses you.
You slash the orc knight!
You kill the orc knight!
Makhleb accepts your kill.
You feel better.
The orc warrior throws a boomerang.
The boomerang barely misses you.
The weapon returns to the orc warrior!
The orc warrior hits you with a +0 short sword.
Items here: )) [ † a +0 great sword; a +0 plate armour; a +0 giant club; an ogre corpse You slice the orc warrior!!
You kill the orc warrior!
Makhleb accepts your kill.
You feel better.
Your Dodging skill increases to level 9!
Items here: ( )) [[ ††
Items here: )) [ † a +0 great sword; a +0 plate armour; a +0 giant club; an ogre corpse
Okay, then.
Items here: ( )) [[ ††
Items here: )) [ † a +0 great sword; a +0 plate armour; a +0 giant club; an ogre corpse
Okay, then.
Items here: ( )) [[ ††
Okay, then.
K - 11 javelins (gained 9)
K - 14 javelins (gained 3)
There is an open door here.
Found 25 gold pieces.
There is an open door here.
You now have 1151 gold pieces (gained 14).
You now have 1164 gold pieces (gained 13).
You now have 1189 gold pieces (gained 25).
There is an open door here.
There is an open door here.
Items here: ( )) [[ ††
Items here: )) [ † a +0 great sword; a +0 plate armour; a +0 giant club; an ogre corpse
There is an open door here.
As you open the door, it creaks loudly!
There is an open door here.
You open the door.
There is an open door here.
Unknown command.
You open the door.
An orc warrior and an orc knight come into view.
The orc knight shouts!
The orc warrior shouts!
You hear a shout!
An orc warlord comes into view. It is wielding a +0 vorpal war axe.
The orc knight roars a battlecry!
The orcs go into a battle-frenzy!
Found Isukoret's Distillery.
The orc warrior hits you with a +0 flail!
The orc warlord roars a battlecry!
The orc knight goes into a battle-frenzy!
Unknown command.
Unknown command.
Press: ? - help, v - describe, . - travel
Here: an orc warlord, wielding a +0 vorpal war axe and wearing a +0 chain mail (unusually strong)
The floor.
Unknown command.
Evoke which item? (* to show all) (? for menu, Esc to quit)
Aiming: Enslavement
Press: ? - help, Shift-Dir - straight line, f - orc warrior
Aim: an orc warrior, wielding a +0 flail and wearing a +0 chain mail (unusually strong, chance to defeat MR: 76%)
The orc warrior is charmed.
The orc warlord hits your orc warrior with a +0 vorpal war axe!!!
Your orc warrior dies!
Unknown command.
Unknown command.
Unknown command.
Evoke which item? (* to show all) (? for menu, Esc to quit)
Aiming: Iceblast
Press: ? - help, Shift-Dir - straight line, f - orc warlord
Aim: an orc warlord, wielding a +0 vorpal war axe and wearing a +0 chain mail (unusually strong)
The mass of ice explodes!
The iceblast engulfs the orc warlord!!
The orc warlord is lightly wounded.
The iceblast engulfs the orc knight but does no damage.
Unknown command.
Unknown command.
You fade into invisibility!
The orc knight unwields a +0 dire flail.
The orc knight wields a +0 arbalest.
The orc knight shoots a bolt.
The bolt hits the orc warlord!!
You are very lightly contaminated with residual magic.
The orc knight shoots a bolt.
The bolt hits the orc warlord.
The orc warlord hits you with a +0 vorpal war axe!!!
* * * LOW HITPOINT WARNING * * *
* * * LOW HITPOINT WARNING * * *
There is an open door here.
Unknown command.
Things that are here:
a +0 dagger; an orc corpse The orc warlord hits you with a +0 vorpal war axe!!!
You die...

#.'.._..# #....######...
#.#..)..# *#......####..
#.###)########........###.
#.....#.....#...÷......###
#####.#.....#....<.......#
#∩..#.o..⌠..#...........[.
#..)'.#.....#.........#...
#..)#(#..o).#........#....
#####)###@###......###....
, #(#..)........###..##.
#oo.'o#...........##..####
#∩..#.##.........##### #
#####+##.......###, * *
,,*#.......#* , ,
,#.........#, *
#........... ** , ,
#.#.$......#. ,


You could see an orc warlord and an orc knight.

Vanquished Creatures
  Josephine (D:12)
  A queen ant (D:10)
  6 two-headed ogres
  A slime creature (D:12)
  2 orc knights (Orc:2)
  An ugly thing (D:9)
  2 manticores
  2 orc sorcerers (Orc:2)
  The ghost of psellion the Slinger, a novice GnHu of Okawaru (D:5)
  3 centaur skeletons
  A freezing wraith (D:13)
  A kobold demonologist (D:13)
  An efreet (D:13)
  A queen bee (D:13)
  5 trolls
  3 meliai (D:13)
  Prince Ribbit (D:5)
  2 hippogriffs
  10 yaks
  2 wyverns
  4 wraiths (D:12)
  A basilisk (D:10)
  A steam dragon (D:12)
  4 vampire mosquitoes (D:13)
  2 wargs (Orc:2)
  3 hungry ghosts
  8 soldier ants (D:10)
  4 porcupines (D:10)
  A water moccasin (D:8)
  A hornet zombie (D:11)
  2 sky beasts
  19 orc warriors
  2 black bears
  An eye of draining (D:12)
  3 ice beasts
  14 ogres
  A phantom (D:11)
  2 centaurs
  3 crocodiles (D:10)
  A big kobold (D:12)
  5 bullfrogs
  A gnoll sergeant (D:12)
  A water moccasin zombie (D:12)
  A scorpion (D:9)
  20 killer bees (D:13)
  A howler monkey (D:6)
  9 wights
  3 centaur zombies
  4 bullfrog zombies
  6 crimson imps
  12 orc priests
  10 hounds
  16 orc wizards
  5 jellies
  Jessica (D:2)
  2 iguanas
  26 worker ants
  A hound skeleton (D:4)
  A howler monkey skeleton (D:5)
  A howler monkey zombie (D:8)
  11 gnolls
  19 adders
  3 shadow imps
  An ooze (D:2)
  3 adder skeletons
  An adder zombie (D:9)
  2 dart slugs
  3 leopard geckos
  85 orcs
  7 bats
  9 giant cockroaches
  5 goblins
  3 hobgoblins
  13 jackals
  8 kobolds
  4 quokkas
  4 ball pythons
  5 frilled lizards
  A leopard gecko skeleton (D:7)
  A quokka skeleton (D:4)
  10 rats
448 creatures vanquished.

Vanquished Creatures (others)
  An orc warrior (Orc:2)
  A bush (D:10)
  3 fungi (D:10)
  2 plants (D:10)
7 creatures vanquished.

Grand Total: 455 creatures vanquished

Notes
Turn   | Place    | Note
-------+----------+-------------------------------------------
     0 | D:1      | magipi the Deep Dwarf Gladiator began the quest for the
                  | Orb.
     0 | D:1      | Reached XP level 1. HP: 19/19 MP: 1/1
   133 | D:1      | Reached XP level 2. HP: 19/26 MP: 2/2
   380 | D:2      | Noticed Jessica
   578 | D:2      | Killed Jessica
   578 | D:2      | Reached skill level 4 in Axes
   578 | D:2      | Reached skill level 1 in Armour
   578 | D:2      | Reached XP level 3. HP: 19/32 MP: 3/3
   639 | D:2      | Reached XP level 4. HP: 22/39 MP: 4/4
  1034 | D:3      | Reached XP level 5. HP: 38/46 MP: 5/5
  1100 | D:3      | Found a sacrificial altar of Ru.
  1541 | D:4      | Reached skill level 5 in Axes
  1563 | D:4      | Reached skill level 1 in Evocations
  1571 | D:4      | Reached XP level 6. HP: 43/55 MP: 6/6
  1794 | D:5      | Entered Level 5 of the Dungeon
  1828 | D:5      | Noticed a sky beast
  1844 | D:5      | Killed a sky beast
  1958 | D:5      | Noticed an ice beast
  1967 | D:5      | Killed an ice beast
  1967 | D:5      | Reached XP level 7. HP: 53/62 MP: 8/8
  2018 | D:5      | Reached skill level 6 in Axes
  2053 | D:5      | Found a runed translucent door.
  2061 | D:5      | Noticed psellion's ghost (novice GnHu)
  2114 | D:5      | Killed psellion's ghost
  2114 | D:5      | Reached XP level 8. HP: 53/70 MP: 10/10
  2327 | D:5      | Reached skill level 5 in Dodging
  2557 | D:5      | Reached skill level 7 in Axes
  2579 | D:5      | Noticed Prince Ribbit
  2616 | D:5      | Killed Prince Ribbit
  2746 | D:6      | You fall into a shaft and drop 1 floor!
  2795 | D:7      | Reached skill level 10 in Axes
  2795 | D:7      | Gained mutation: You passively map the area around you.
                  | [Deep Dwarf growth]
  2795 | D:7      | Reached XP level 9. HP: 57/86 MP: 10/15
  2911 | D:7      | Identified a scroll of acquirement
  2971 | D:7      | Found a basalt altar of Yredelemnul.
  2991 | D:7      | Noticed a manticore
  3025 | D:7      | Killed a manticore
  3133 | D:6      | Found a staircase to the Ecumenical Temple.
  3146 | Temple   | Entered the Ecumenical Temple
  3159 | Temple   | Became a worshipper of Makhleb the Destroyer
  3313 | D:6      | Reached skill level 10 in Evocations
  3404 | D:6      | Reached XP level 10. HP: 72/94 MP: 15/15
  4059 | D:8      | Reached * piety under Makhleb
  4105 | D:8      | Reached skill level 5 in Armour
  4215 | D:8      | Found a blossoming altar of Fedhas.
  4489 | D:9      | Noticed a brown ugly thing
  4505 | D:9      | Killed a brown ugly thing
  4511 | D:9      | Found a staircase to the Orcish Mines.
  4664 | D:9      | Reached skill level 11 in Axes
  4813 | D:9      | Noticed a two-headed ogre
  4817 | D:9      | Killed a two-headed ogre
  4817 | D:9      | Reached skill level 5 in Throwing
  4825 | D:9      | Reached ** piety under Makhleb
  4980 | D:10     | Entered Level 10 of the Dungeon
  5205 | D:10     | Reached XP level 11. HP: 94/103 MP: 14/14
  5276 | D:10     | Noticed a queen ant
  5312 | D:10     | Killed a queen ant
  5383 | D:10     | Found Otseneaw's Distillery.
  5391 | D:10     | Bought a potion of degeneration for 12 gold pieces
  5391 | D:10     | Bought a potion of resistance for 120 gold pieces
  5391 | D:10     | Bought a potion of might for 48 gold pieces
  5391 | D:10     | Bought a potion of curing for 36 gold pieces
  5391 | D:10     | Bought a potion of lignification for 36 gold pieces
  5504 | D:10     | Found a staircase to the Lair.
  5520 | D:10     | Reached *** piety under Makhleb
  5848 | D:10     | Reached skill level 12 in Axes
  5856 | D:10     | Found a glowing silver altar of Zin.
  5992 | D:11     | You fall into a shaft and drop 3 floors!
  5999 | D:14     | Noticed a tengu warrior
  6004 | D:14     | Noticed a tengu warrior
  6021 | D:14     | Noticed a cyan ugly thing
  6021 | D:14     | Noticed a cyan ugly thing
  6021 | D:14     | Noticed a cyan ugly thing
  6174 | D:13     | Noticed a two-headed ogre
  6184 | D:13     | HP: 5/104 [freezing wraith (9)]
  6189 | D:13     | Killed a two-headed ogre
  6304 | D:13     | Reached **** piety under Makhleb
  6418 | D:13     | Reached XP level 12. HP: 92/112 MP: 13/13
  6623 | D:11     | Found a shadowy altar of Dithmenos.
  7036 | D:12     | Noticed Josephine
  7040 | D:12     | Killed Josephine
  7156 | D:12     | Reached skill level 13 in Axes
  7213 | D:12     | Reached ***** piety under Makhleb
  7627 | D:13     | Noticed a two-headed ogre
  7717 | D:13     | Killed a two-headed ogre
  7816 | Orc:1    | Entered Level 1 of the Orcish Mines
  7849 | Orc:2    | Entered Level 2 of the Orcish Mines
  7849 | Orc:2    | Noticed a two-headed ogre
  7881 | Orc:2    | Killed a two-headed ogre
  7929 | Orc:2    | Noticed a two-headed ogre
  7971 | Orc:2    | HP: 1/114 [two-headed ogre/+0 giant club (16)]
  7984 | Orc:2    | Killed a two-headed ogre
  8144 | Orc:1    | HP: 2/114 [orc warrior/+0 halberd (14)]
  8345 | Orc:1    | Found a roughly hewn altar of Beogh.
  8500 | Orc:2    | Reached XP level 13. HP: 119/121 MP: 7/7
  8517 | Orc:2    | Found Juplobes's Book Emporium.
  8538 | Orc:2    | Found a roughly hewn altar of Beogh.
  8653 | Orc:2    | Found Isukoret's Distillery.
  8653 | Orc:2    | Noticed an orc warlord
  8667 | Orc:2    | Demolished by an orc warlord

Levels and vault maps discovered:
D:1:      lemuel_arrival_lava_pool, layout_basic
D:2:      layout_loops_ring, uniq_jessica
D:3:      layout_loops_corners, chequers_garden, nicolae_ru_awakened_eye
D:4:      layout_cave_pools, first_ration
D:5:      layout_basic, portal_sewer_entry_e, serial_glass, glass_columns_c,
          glass_columns_b, ebering_ghost_sewer_d, uniq_prince_ribbit1
D:6:      layout_basic, minmay_temple_entry_waves, minmay_misc_feat_room,
          minmay_bent
D:7:      layout_cave_pods, nicolae_overflow_crystal_walls,
          chequers_serial_rivers_micro_e, minmay_misc_feat_chi
D:8:      layout_loops_corners, nrook_loot_triangle, grunt_ogre_cave,
          fedhas_ov_isle_minmay
D:9:      layout_layer_cave, orc_0_dummy
D:10:     layout_roguey, minmay_lair_entry_grove, basic_altar, serial_shops,
          shop_statue, minmay_another_anthill
D:11:     layout_rooms, nicolae_dithmenos_through_a_glass_darkly
D:12:     layout_gridville, uniq_josephine
D:13:     layout_roguey [special_room_bee],
          hangedman_vaults_entry_quadrant_bands, serial_shops,
          nicolae_shop_crystal, wad_scary_box
D:14:     layout_layer_cave, chequers_serial_rivers_micro_a, uniq_nessos
Temple:   nicolae_temple_the_god_donut
Orc:1:    layout_caves, basic_altar, enter_bailey_7, kennysheep_orc_chapel
Orc:2:    pubby_orc_utopia, serial_shops

Skill      XL: |  1  2  3  4  5  6  7  8  9 10 11 12 13 |
---------------+----------------------------------------+-----
Throwing       | 2 3 4 5 6 7 |  7.4
Fighting       | 2 3 7 8 9 |  9.5
Axes           | 4 5 6 10 11 12 13 | 13.6
Armour         | 1 2 3 4 5 7 8 |  8.3
Dodging        | 4 5 6 7 8 9 |  9.0
Evocations     | 1 2 3 9 10 11 12 | 12.4

Action                   |  1- 3 |  4- 6 |  7- 9 | 10-12 | 13-15 || total
-------------------------+-------+-------+-------+-------+-------++-------
Melee: War axe           |    87 |   185 |   258 |  1243 |       ||  1773
       Broad axe         |       |       |       |    17 |    35 ||    52
Throw: Dart              |       |       |     7 |    34 |       ||    41
       Throwing net      |       |       |     1 |       |       ||     1
       Javelin           |       |       |       |    24 |    12 ||    36
 Abil: Heal Wounds       |       |     5 |    10 |    42 |     4 ||    61
Evoke: Wand              |       |       |       |    11 |     2 ||    13
  Use: Scroll            |       |     2 |    13 |    14 |       ||    29
       Potion            |       |       |     2 |     9 |     1 ||    12
  Eat: Chunk             |       |     4 |     5 |    18 |       ||    27
       Ration            |       |       |     2 |     3 |       ||     5
Armor: Leather armour    |     7 |       |       |       |       ||     7
       Ring mail         |    17 |    57 |       |       |       ||    74
       Scale mail        |       |    19 |     9 |       |       ||    28
       Plate armour      |       |       |   148 |   255 |       ||   403
       Chain mail        |       |       |       |   358 |     3 ||   361
Dodge: Dodged            |    76 |   172 |   117 |   696 |    13 ||  1074

Table legend:
 A = Non-vault XP
 B = Vault XP
 C = Vault XP percentage of total XP
 D = Non-vault monster count
 E = Vault monster count
 F = Vault count percentage of total count
                 A         B        C        D         E       F
            +---------+---------+-------+---------+---------+-------
      Total |   21505 |   17618 |  45.0 |     300 |     148 |  33.0
            +---------+---------+-------+---------+---------+-------
        D:1 |      36 |       0 |   0.0 |      16 |       0 |   0.0
        D:2 |      76 |      37 |  32.7 |      19 |       1 |   5.0
        D:3 |     108 |       0 |   0.0 |      21 |       0 |   0.0
        D:4 |     250 |       0 |   0.0 |      18 |       0 |   0.0
        D:5 |     792 |     714 |  47.4 |      25 |      11 |  30.6
        D:6 |     616 |     138 |  18.3 |      16 |       4 |  20.0
        D:7 |     880 |       0 |   0.0 |      20 |       0 |   0.0
        D:8 |     873 |     116 |  11.7 |      17 |       1 |   5.6
        D:9 |    2837 |       0 |   0.0 |      33 |       0 |   0.0
       D:10 |    2538 |    4585 |  64.4 |      26 |      37 |  58.7
       D:11 |    1801 |       0 |   0.0 |      14 |       0 |   0.0
       D:12 |    4249 |    1703 |  28.6 |      37 |       4 |   9.8
       D:13 |    4451 |    2449 |  35.5 |      14 |      24 |  63.2
      Orc:1 |    1845 |     151 |   7.6 |      23 |       7 |  23.3
      Orc:2 |     153 |    7725 |  98.1 |       1 |      59 |  98.3
            +---------+---------+-------+---------+---------+-------

Action                   |  1- 3 |  4- 6 |  7- 9 | 10-12 | 13-15 || total
-------------------------+-------+-------+-------+-------+-------++-------
Melee: War axe           |    87 |   185 |   258 |  1243 |       ||  1773
       Broad axe         |       |       |       |    17 |    35 ||    52
Throw: Dart              |       |       |     7 |    34 |       ||    41
       Throwing net      |       |       |     1 |       |       ||     1
       Javelin           |       |       |       |    24 |    12 ||    36
 Abil: Heal Wounds       |       |     5 |    10 |    42 |     4 ||    61
Evoke: Wand              |       |       |       |    11 |     2 ||    13
  Use: Scroll            |       |     2 |    13 |    14 |       ||    29
       Potion            |       |       |     2 |     9 |     1 ||    12
  Eat: Chunk             |       |     4 |     5 |    18 |       ||    27
       Ration            |       |       |     2 |     3 |       ||     5
Armor: Leather armour    |     7 |       |       |       |       ||     7
       Ring mail         |    17 |    57 |       |       |       ||    74
       Scale mail        |       |    19 |     9 |       |       ||    28
       Plate armour      |       |       |   148 |   255 |       ||   403
       Chain mail        |       |       |       |   358 |     3 ||   361
Dodge: Dodged            |    76 |   172 |   117 |   696 |    13 ||  1074
